cohdb
Replays
Latest Replays
All Replays
Popular Replays
Top Player Replays
Match Explorer
How It Works
Community
CoH3 Stats
Reddit
Sign in to upload your games and track your stats! →
Sign in with Steam
Match 39521369
Unlisted
Match 39521369
Overview
Messages
Build Orders
End
Kradschützen Motorcycle Team
Selects Panzerjäger Kommand Battlegroup
Selects Mine Fields
Panzergrenadier Squad
Panzergrenadier Squad
Construct Light Support Kompanie
2.5-tonne Medical Truck
Selects Tank Busters
Panzergrenadier Squad
Construct Mechanized Kompanie
Panzerjäger Mechanized Group
Veteran Squad Leaders
8 Rad Armored Car
Selects Crew Shock Tactics
Vehicle Survival Package
Tungsten Core Ammunition
Marder III Tank Destroyer
Construct Panzerarmee Kommand
Emergency Repair Kits
Marder III Tank Destroyer
Walking Stuka Rocket Launcher
Selects Elefant Tank Destroyer
Selects Defensive Positions
BigTiddyLebron
kreumat
DarkLord
juve1975
0
0
Comments
sign in to comment!
No comments posted yet!